MLB
SEATTLE MARINERS @ OAKLAND ATHLETICS
06/06/2048
 
TOP OF THE 1ST
Seattle Mariners batting - Pitching for Oakland Athletics : RHP Mike Pedigo
Pitching: RHP Mike Pedigo
Batting: LHB Dae-ik Yoon 0-0: Ball
1-0: Ball
2-0: Foul Ball, location: 2F
2-1: Ball
3-1: Foul Ball, location: 2F
3-2: Ground out 6-3 (Groundball, 6M, EV 110.6 MPH)
Batting: SHB Floyd-William Goof 0-0: Fly out, F8 (Line Drive, 8LXD, EV 111.9 MPH)
Batting: RHB Steve Jordan 0-0: Ball
1-0: Called Strike
1-1: Ball
2-1: Ball
3-1: Foul Ball, location: 2F
3-2: Foul Ball, location: 2F
3-2: Foul Ball, location: 2F
3-2: Strikes out swinging
Top of the 1st over - 0 runs, 0 hits, 0 errors, 0 left on base; Seattle 0 - Oakland 0
BOTTOM OF THE 1ST
Oakland Athletics batting - Pitching for Seattle Mariners : RHP Bas Kooy
Pitching: RHP Bas Kooy
Batting: RHB Muneo Kawachi 0-0: Called Strike
0-1: Called Strike
0-2: Strikes out looking
Batting: LHB R.J. O'Brien 0-0: Ball
1-0: SINGLE (Line Drive, 7LS, EV 97.5 MPH)
Batting: SHB Jerry Luckwell 0-0: Foul Ball, location: 2F
0-1: Ball
1-1: Fly out, F7 (Flyball, 7S, EV 88.1 MPH)
Batting: LHB Sakae Kasahara 0-0: 2-RUN HOME RUN (Flyball, 9D, EV 106.9 MPH), Distance : 403 ft
Batting: RHB Randy Shrewsbury 0-0: Ground out 6-3 (Groundball, 6, EV 91.2 MPH)
Bottom of the 1st over - 2 runs, 2 hits, 0 errors, 0 left on base; Seattle 0 - Oakland 2
TOP OF THE 2ND
Seattle Mariners batting - Pitching for Oakland Athletics : RHP Mike Pedigo
Batting: SHB Robbie Rogers 0-0: Ground out 6-3 (Groundball, 6, EV 104.4 MPH)
Batting: RHB Pavpv Ivanushkin 0-0: Called Strike
0-1: Ball
1-1: Swinging Strike
1-2: Foul Ball, location: 2F
1-2: SINGLE (Groundball, 6MD, EV 104.4 MPH)
Batting: RHB Harutomi Matsubara 0-0: Foul Ball, location: 2F
0-1: Ball
1-1: Ball
2-1: SINGLE (Groundball, 25, EV 73.8 MPH) (infield hit)
Pavpv Ivanushkin to second
Batting: RHB Corey Ottinger 0-0: Called Strike
0-1: DOUBLE (Line Drive, 7LS, EV 106.2 MPH)
Pavpv Ivanushkin scores
Harutomi Matsubara to third
Batting: LHB Jerrod Cluck 0-0: Called Strike
0-1: Ball
1-1: Ball
2-1: SINGLE (Groundball, 34D, EV 100.0 MPH)
Harutomi Matsubara scores
Corey Ottinger to third
Batting: RHB Young-kwang Ohnn 0-0: Swinging Strike
0-1: Ball
1-1: Ball
2-1: Called Strike
2-2: Grounds into double play, 4-6-3 (Groundball, 4, EV 98.8 MPH)
Top of the 2nd over - 2 runs, 4 hits, 0 errors, 1 left on base; Seattle 2 - Oakland 2
BOTTOM OF THE 2ND
Oakland Athletics batting - Pitching for Seattle Mariners : RHP Bas Kooy
Batting: LHB Tom Butterbaugh 0-0: Fly out, F6 (Flyball, 6D, EV 85.0 MPH)
Batting: RHB Tommy Baird 0-0: Fly out, F2 (Popup, 25F, EV 90.6 MPH)
Batting: SHB Ryan Langlois 0-0: Ball
1-0: Foul Ball, location: 2F
1-1: Hit by Pitch
Batting: LHB Al Hernandez 0-0: Called Strike
0-1: Called Strike
0-2: Strikes out swinging
Bottom of the 2nd over - 0 runs, 0 hits, 0 errors, 1 left on base; Seattle 2 - Oakland 2
TOP OF THE 3RD
Seattle Mariners batting - Pitching for Oakland Athletics : RHP Mike Pedigo
Batting: LHB Dae-ik Yoon 0-0: Called Strike
0-1: Ball
1-1: Ball
2-1: Ball
3-1: Ground out 5-3 (Groundball, 5S, EV 63.1 MPH)
Batting: SHB Floyd-William Goof 0-0: Ball
1-0: Ball
2-0: Foul Ball, location: 2F
2-1: Called Strike
2-2: Foul Ball, location: 2F
2-2: Fly out, F7 (Flyball, BS2, EV 97.5 MPH)
Batting: RHB Steve Jordan 0-0: Fly out, F5 (Line Drive, 56, EV 78.1 MPH)
Top of the 3rd over - 0 runs, 0 hits, 0 errors, 0 left on base; Seattle 2 - Oakland 2
BOTTOM OF THE 3RD
Oakland Athletics batting - Pitching for Seattle Mariners : RHP Bas Kooy
Batting: RHB Muneo Kawachi 0-0: Ball
1-0: Swinging Strike
1-1: Called Strike
1-2: Fly out, F9 (Line Drive, 89M, EV 110.0 MPH)
Batting: LHB R.J. O'Brien 0-0: Called Strike
0-1: Ball
1-1: SINGLE (Groundball, 34D, EV 110.0 MPH)
Batting: SHB Jerry Luckwell 0-0: Ball
1-0: Ground out 5-3 (Groundball, 5S, EV 68.1 MPH)
R.J. O'Brien to second
Batting: LHB Sakae Kasahara 0-0: Ball
1-0: Ball
2-0: DOUBLE (Groundball, 3L, EV 100.0 MPH)
R.J. O'Brien scores
Batting: RHB Randy Shrewsbury 0-0: Ball
1-0: Foul Ball, location: 2F
1-1: Ground out 3-1 (Groundball, 34S, EV 80.6 MPH)
Bottom of the 3rd over - 1 run, 2 hits, 0 errors, 1 left on base; Seattle 2 - Oakland 3
TOP OF THE 4TH
Seattle Mariners batting - Pitching for Oakland Athletics : RHP Mike Pedigo
Batting: SHB Robbie Rogers 0-0: Ball
1-0: Fly out, F9 (Line Drive, 9, EV 105.6 MPH)
Batting: RHB Pavpv Ivanushkin 0-0: Ground out 6-3 (Groundball, 56, EV 102.5 MPH)
Batting: RHB Harutomi Matsubara 0-0: Ball
1-0: Called Strike
1-1: Foul Ball, location: 2F
1-2: Foul Ball, location: 2F
1-2: Fly out, F8 (Flyball, 78M, EV 90.6 MPH)
Top of the 4th over - 0 runs, 0 hits, 0 errors, 0 left on base; Seattle 2 - Oakland 3
BOTTOM OF THE 4TH
Oakland Athletics batting - Pitching for Seattle Mariners : RHP Bas Kooy
Batting: LHB Tom Butterbaugh 0-0: Swinging Strike
0-1: Foul Ball, location: 2F
0-2: Ball
1-2: Ball
2-2: Ground out 6-3 (Groundball, 6, EV 81.2 MPH)
Batting: RHB Tommy Baird 0-0: Ball
1-0: Foul Ball, location: 2F
1-1: Foul Ball, location: 2F
1-2: Strikes out swinging
Batting: SHB Ryan Langlois 0-0: Ball
1-0: Ball
2-0: Ball
3-0: Called Strike
3-1: Called Strike
3-2: Base on Balls
Batting: LHB Al Hernandez 0-0: Called Strike
0-1: Called Strike
0-2: Ball
1-2: Fielders Choice at 2nd, U6 (Groundball, 6M, EV 98.1 MPH)
Bottom of the 4th over - 0 runs, 0 hits, 0 errors, 1 left on base; Seattle 2 - Oakland 3
TOP OF THE 5TH
Seattle Mariners batting - Pitching for Oakland Athletics : RHP Mike Pedigo
Batting: RHB Corey Ottinger 0-0: Ball
1-0: Called Strike
1-1: Ball
2-1: SINGLE (Groundball, P, EV 84.4 MPH) (infield hit)
Batting: LHB Jerrod Cluck 0-0: Bunted foul
0-1: Sac Bunt to 5S - play at first, batter OUT! 5-3
Corey Ottinger to second
Batting: RHB Young-kwang Ohnn 0-0: Called Strike
0-1: Ball
1-1: Ground out 4-3 (Groundball, 4, EV 103.8 MPH)
Corey Ottinger to third
Batting: LHB Dae-ik Yoon 0-0: SINGLE (Line Drive, 8RS, EV 93.8 MPH)
Corey Ottinger scores
Batting: SHB Floyd-William Goof 0-0: Ball
Dae-ik Yoon steals 2nd base
1-0: Called Strike
1-1: Foul Ball, location: 2F
1-2: Ball
2-2: Ground out 6-3 (Groundball, 6, EV 91.9 MPH)
Top of the 5th over - 1 run, 2 hits, 0 errors, 1 left on base; Seattle 3 - Oakland 3
BOTTOM OF THE 5TH
Oakland Athletics batting - Pitching for Seattle Mariners : RHP Bas Kooy
Batting: RHB Muneo Kawachi 0-0: Called Strike
0-1: Ball
1-1: Ball
2-1: Called Strike
2-2: SINGLE (Line Drive, 7S, EV 95.0 MPH)
Batting: LHB R.J. O'Brien 0-0: Called Strike
0-1: Ball
1-1: Fielders Choice at 2nd, 6-4 (Groundball, 56, EV 97.5 MPH)
Batting: SHB Jerry Luckwell 0-0: Grounds into double play, 4-6-3 (Groundball, 4, EV 103.8 MPH)
Bottom of the 5th over - 0 runs, 1 hit, 0 errors, 0 left on base; Seattle 3 - Oakland 3
TOP OF THE 6TH
Seattle Mariners batting - Pitching for Oakland Athletics : RHP Mike Pedigo
Batting: RHB Steve Jordan 0-0: Ball
1-0: Ball
2-0: Foul Ball, location: 2F
2-1: Foul Ball, location: 2F
2-2: Foul Ball, location: 2F
2-2: SINGLE (Line Drive, 34, EV 95.6 MPH)
Batting: SHB Robbie Rogers 0-0: Ball
1-0: Ball
2-0: Grounds into double play, 5-4-3 (Groundball, 56, EV 75.6 MPH)
Batting: RHB Pavpv Ivanushkin 0-0: Called Strike
0-1: Ball
1-1: Ball
2-1: Called Strike
2-2: Ball
3-2: Strikes out swinging
Top of the 6th over - 0 runs, 1 hit, 0 errors, 0 left on base; Seattle 3 - Oakland 3
BOTTOM OF THE 6TH
Oakland Athletics batting - Pitching for Seattle Mariners : RHP Bas Kooy
Batting: LHB Sakae Kasahara 0-0: Foul Ball, location: 2F
0-1: Ball
1-1: Ball
2-1: Fly out, F8 (Flyball, 8LM, EV 82.5 MPH)
Batting: RHB Randy Shrewsbury 0-0: Ball
1-0: Called Strike
1-1: Foul Ball, location: 2F
1-2: Fly out, F8 (Flyball, 8LM, EV 79.4 MPH)
Batting: LHB Tom Butterbaugh 0-0: Ball
1-0: Ball
2-0: Called Strike
2-1: Ball
3-1: Called Strike
3-2: SOLO HOME RUN (Line Drive, 78XD, EV 110.0 MPH), Distance : 415 ft
Batting: RHB Tommy Baird 0-0: Ball
1-0: Swinging Strike
1-1: Called Strike
1-2: Ball
2-2: Ground out 5-3 (Groundball, 56S, EV 75.0 MPH)
Bottom of the 6th over - 1 run, 1 hit, 0 errors, 0 left on base; Seattle 3 - Oakland 4
TOP OF THE 7TH
Seattle Mariners batting - Pitching for Oakland Athletics : RHP Mike Pedigo
Batting: RHB Harutomi Matsubara 0-0: Ground out 6-3 (Groundball, P, EV 91.2 MPH)
Batting: RHB Corey Ottinger 0-0: Called Strike
0-1: Called Strike
0-2: Ball
1-2: Fly out, F8 (Flyball, 89M, EV 97.5 MPH)
Batting: LHB Jerrod Cluck 0-0: Ball
1-0: Called Strike
1-1: Foul Ball, location: 2F
1-2: Ball
2-2: Ground out 5-3 (Groundball, 56S, EV 87.5 MPH)
Top of the 7th over - 0 runs, 0 hits, 0 errors, 0 left on base; Seattle 3 - Oakland 4
BOTTOM OF THE 7TH
Oakland Athletics batting - Pitching for Seattle Mariners : RHP Bas Kooy
Batting: SHB Ryan Langlois 0-0: Ball
1-0: Ball
2-0: Ball
3-0: Called Strike
3-1: Base on Balls
Batting: LHB Al Hernandez 0-0: Ball
1-0: SINGLE (Groundball, 4MD, EV 110.6 MPH)
Ryan Langlois to second
Runner from 2nd tries for 3rd, SAFE, throw by CF made to third
Batting: RHB Muneo Kawachi 0-0: Called Strike
0-1: Called Strike
0-2: Ball
1-2: Strikes out swinging
Batting: LHB R.J. O'Brien 0-0: Called Strike
0-1: Grounds into double play, 4-6-3 (Groundball, 4M, EV 88.8 MPH)
Bottom of the 7th over - 0 runs, 1 hit, 0 errors, 1 left on base; Seattle 3 - Oakland 4
TOP OF THE 8TH
Seattle Mariners batting - Pitching for Oakland Athletics : RHP Mike Pedigo
Pitching: RHP Germano Nunes
Batting: RHB Young-kwang Ohnn 0-0: Called Strike
0-1: Ball
1-1: Ball
2-1: Ball
3-1: Ground out 6-3 (Groundball, 56, EV 107.5 MPH)
Batting: LHB Dae-ik Yoon 0-0: Swinging Strike
0-1: Ground out 1-3 (Groundball, 34S, EV 68.8 MPH)
Batting: SHB Floyd-William Goof 0-0: Called Strike
0-1: Foul Ball, location: 2F
0-2: Ball
1-2: Ball
2-2: Ball
3-2: Foul Ball, location: 2F
3-2: Foul Ball, location: 2F
3-2: Strikes out looking
Top of the 8th over - 0 runs, 0 hits, 0 errors, 0 left on base; Seattle 3 - Oakland 4
BOTTOM OF THE 8TH
Oakland Athletics batting - Pitching for Seattle Mariners : RHP Bas Kooy
Batting: SHB Jerry Luckwell 0-0: Ball
1-0: Foul Ball, location: 2F
1-1: Fly out, F3 (Line Drive, 34, EV 65.6 MPH)
Batting: LHB Sakae Kasahara 0-0: Ball
1-0: SINGLE (Line Drive, 89S, EV 98.1 MPH)
Batting: RHB Randy Shrewsbury 0-0: Called Strike
0-1: Ball
1-1: Ball
2-1: Ball
3-1: Base on Balls
Sakae Kasahara to second
Batting: LHB Tom Butterbaugh 0-0: Swinging Strike
0-1: Ball
1-1: SINGLE (Groundball, 56D, EV 106.9 MPH)
Sakae Kasahara to third
Randy Shrewsbury to second
Runner from 3rd tries for Home, SAFE, throw by LF to home
Pitching: LHP Lance Crumpton
Batting: RHB Tommy Baird 0-0: Ball
1-0: Called Strike
1-1: Swinging Strike
1-2: Foul Ball, location: 2F
1-2: Grounds into double play, 6-4-3 (Groundball, 6, EV 80.6 MPH)
Bottom of the 8th over - 1 run, 2 hits, 0 errors, 1 left on base; Seattle 3 - Oakland 5
TOP OF THE 9TH
Seattle Mariners batting - Pitching for Oakland Athletics : RHP Germano Nunes
Pitching: RHP Elijah Daniels
Batting: RHB Steve Jordan 0-0: Called Strike
0-1: Foul Ball, location: 2F
0-2: Foul Ball, location: 2F
0-2: Ball
1-2: Ball
2-2: Foul Ball, location: 2F
2-2: Foul Ball, location: 2F
2-2: Ball
3-2: TRIPLE (Flyball, 89XD, EV 97.5 MPH)
Batting: SHB Robbie Rogers 0-0: Called Strike
0-1: Called Strike
0-2: Ball
1-2: Ball
2-2: Foul Ball, location: 2F
2-2: Strikes out swinging
Batting: RHB Pavpv Ivanushkin 0-0: DOUBLE (Line Drive, 5D, EV 97.5 MPH)
Steve Jordan scores
Batting: RHB Harutomi Matsubara 0-0: Ball
1-0: TRIPLE (Flyball, 89XD, EV 91.2 MPH)
Pavpv Ivanushkin scores
Batting: RHB Corey Ottinger 0-0: Ball
1-0: Ball
2-0: Called Strike
2-1: Foul Ball, location: 2F
2-2: Strikes out looking
Batting: LHB Jerrod Cluck 0-0: Intentional Walk
Batting: RHB Young-kwang Ohnn 0-0: Ball
1-0: Called Strike
1-1: Fly out, F8 (Flyball, 89S, EV 84.4 MPH)
Top of the 9th over - 2 runs, 3 hits, 0 errors, 2 left on base; Seattle 5 - Oakland 5
BOTTOM OF THE 9TH
Oakland Athletics batting - Pitching for Seattle Mariners : LHP Lance Crumpton
Batting: SHB Ryan Langlois 0-0: Ball
1-0: Ball
2-0: Ball
3-0: Called Strike
3-1: Fly out, F4 (Popup, 4MS, EV 70.6 MPH)
Batting: LHB Al Hernandez 0-0: Fly out, F4 (Popup, 4S, EV 72.5 MPH)
Batting: RHB Muneo Kawachi 0-0: Ball
1-0: Foul Ball, location: 2F
1-1: Fly out, F8 (Flyball, 8RXD, EV 92.5 MPH)
Bottom of the 9th over - 0 runs, 0 hits, 0 errors, 0 left on base; Seattle 5 - Oakland 5
TOP OF THE 10TH
Seattle Mariners batting - Pitching for Oakland Athletics : RHP Elijah Daniels
Pitching: RHP George Rubio
Batting: LHB Dae-ik Yoon 0-0: Ball
1-0: Ball
2-0: Called Strike
2-1: Foul Ball, location: 2F
2-2: Strikes out swinging
Batting: SHB Floyd-William Goof 0-0: Ball
1-0: Swinging Strike
1-1: Called Strike
1-2: Foul Ball, location: 2F
1-2: Strikes out swinging
Batting: RHB Steve Jordan 0-0: Called Strike
0-1: Ball
1-1: SOLO HOME RUN (Flyball, 78XD, EV 98.8 MPH), Distance : 396 ft
Batting: SHB Robbie Rogers 0-0: Ball
1-0: Called Strike
1-1: Ball
2-1: Ground out 5-3 (Groundball, 5L, EV 103.8 MPH)
Top of the 10th over - 1 run, 1 hit, 0 errors, 0 left on base; Seattle 6 - Oakland 5
BOTTOM OF THE 10TH
Oakland Athletics batting - Pitching for Seattle Mariners : LHP Lance Crumpton
Pitching: RHP Omar Colunga
Now at 2B: Malik Brookshire
Batting: LHB R.J. O'Brien 0-0: Ball
1-0: Ball
2-0: Called Strike
2-1: Ground out U3 (Groundball, 3, EV 107.5 MPH)
Batting: SHB Jerry Luckwell 0-0: Swinging Strike
0-1: Ball
1-1: Ball
2-1: Ball
3-1: Base on Balls
Batting: LHB Sakae Kasahara 0-0: SINGLE (Groundball, 4MS, EV 66.9 MPH) (infield hit)
Jerry Luckwell to second
Batting: RHB Randy Shrewsbury 0-0: Foul Ball, location: 2F
0-1: SINGLE (Line Drive, 5D, EV 99.4 MPH)
Jerry Luckwell to third
Sakae Kasahara to second
Throwing error, E7
Jerry Luckwell scores
Sakae Kasahara to third
Randy Shrewsbury to second
Batting: LHB Tom Butterbaugh 0-0: Foul Ball, location: 2F
0-1: Ball
1-1: Fly out, F6 (Popup, 6MD, EV 70.0 MPH)
Batting: RHB Tommy Baird 0-0: Ball
1-0: Ball
2-0: Ball
3-0: Called Strike
3-1: Base on Balls
Batting: SHB Ryan Langlois 0-0: Called Strike
0-1: Ball
1-1: Ball
2-1: Called Strike
2-2: Ground out U3 (Groundball, 3, EV 76.9 MPH)
Bottom of the 10th over - 1 run, 2 hits, 1 error, 3 left on base; Seattle 6 - Oakland 6
TOP OF THE 11TH
Seattle Mariners batting - Pitching for Oakland Athletics : RHP George Rubio
Batting: RHB Malik Brookshire 0-0: Ball
1-0: Swinging Strike
1-1: Swinging Strike
1-2: Strikes out swinging
Batting: RHB Harutomi Matsubara 0-0: SOLO HOME RUN (Flyball, 78XD, EV 105.6 MPH), Distance : 409 ft
Batting: RHB Corey Ottinger 0-0: Foul Ball, location: 2F
0-1: Fly out, F9 (Flyball, 9, EV 90.0 MPH)
Batting: LHB Jerrod Cluck 0-0: Swinging Strike
0-1: Swinging Strike
0-2: Strikes out swinging
Top of the 11th over - 1 run, 1 hit, 0 errors, 0 left on base; Seattle 7 - Oakland 6
BOTTOM OF THE 11TH
Oakland Athletics batting - Pitching for Seattle Mariners : RHP Omar Colunga
Pitching: LHP Greg Burngooch
Pinch Hitting: RHB Jason May 0-0: Called Strike
0-1: Foul Ball, location: 2F
0-2: SOLO HOME RUN (Flyball, 7D, EV 98.1 MPH), Distance : 384 ft
Batting: RHB Muneo Kawachi 0-0: Ball
1-0: Ball
2-0: Called Strike
2-1: SINGLE (Groundball, 56D, EV 104.4 MPH)
Batting: LHB R.J. O'Brien 0-0: Foul Ball, location: 2F
0-1: Ball
1-1: Ball
2-1: Sac Bunt to 5S - play at first, batter OUT! 5-3
Muneo Kawachi to second
Batting: SHB Jerry Luckwell 0-0: Swinging Strike
0-1: Ball
1-1: Ground out 4-3 (Groundball, 4M, EV 108.8 MPH)
Muneo Kawachi to third
Pinch Hitting: RHB Nick Gentzel 0-0: Ball
1-0: Ball
2-0: Foul Ball, location: 2F
2-1: Ball
3-1: Foul Ball, location: 2F
3-2: Fly out, F7 (Flyball, 78M, EV 86.2 MPH)
Bottom of the 11th over - 1 run, 2 hits, 0 errors, 1 left on base; Seattle 7 - Oakland 7
TOP OF THE 12TH
Seattle Mariners batting - Pitching for Oakland Athletics : RHP George Rubio
Now at C: Garry Hash
Now at 1B: Jason May
Batting: RHB Young-kwang Ohnn 0-0: SINGLE (Line Drive, 4D, EV 95.6 MPH)
Batting: LHB Dae-ik Yoon 0-0: Ball
1-0: Sac Bunt to 5S - play at first, batter OUT! 5-3
Young-kwang Ohnn to second
Batting: SHB Floyd-William Goof 0-0: Intentional Walk
Batting: RHB Steve Jordan 0-0: Swinging Strike
0-1: Called Strike
0-2: Foul Ball, location: 2F
0-2: Ball
1-2: Ball
2-2: Foul Ball, location: 2F
2-2: Foul Ball, location: 2F
2-2: Ball
3-2: Grounds into double play, 4-6-3 (Groundball, 4S, EV 80.6 MPH)
Top of the 12th over - 0 runs, 1 hit, 0 errors, 1 left on base; Seattle 7 - Oakland 7
BOTTOM OF THE 12TH
Oakland Athletics batting - Pitching for Seattle Mariners : LHP Greg Burngooch
Batting: RHB Randy Shrewsbury 0-0: Called Strike
0-1: Swinging Strike
0-2: Strikes out swinging
Batting: LHB Tom Butterbaugh 0-0: Foul Ball, location: 2F
0-1: Fly out, F9 (Line Drive, 9S, EV 90.0 MPH)
Batting: RHB Tommy Baird 0-0: Called Strike
0-1: Swinging Strike
0-2: Ball
1-2: Ground out 6-3 (Groundball, 6, EV 81.2 MPH)
Bottom of the 12th over - 0 runs, 0 hits, 0 errors, 0 left on base; Seattle 7 - Oakland 7
TOP OF THE 13TH
Seattle Mariners batting - Pitching for Oakland Athletics : RHP George Rubio
Pitching: RHP Orlando Giron
Batting: SHB Robbie Rogers 0-0: Ball
1-0: Called Strike
1-1: Ball
2-1: Ground out 6-3 (Groundball, 6, EV 104.4 MPH)
Batting: RHB Malik Brookshire 0-0: Ball
1-0: Called Strike
1-1: Ground out 4-3 (Groundball, 4, EV 88.1 MPH)
Batting: RHB Harutomi Matsubara 0-0: Ball
1-0: Ball
2-0: Ball
3-0: Base on Balls
Batting: RHB Corey Ottinger 0-0: Ball
1-0: Ground out 5-3 (Groundball, 56S, EV 84.4 MPH)
Top of the 13th over - 0 runs, 0 hits, 0 errors, 1 left on base; Seattle 7 - Oakland 7
BOTTOM OF THE 13TH
Oakland Athletics batting - Pitching for Seattle Mariners : LHP Greg Burngooch
Batting: SHB Ryan Langlois 0-0: Ball
1-0: Ball
2-0: Ball
3-0: Called Strike
3-1: Ground out U3 (Groundball, 34S, EV 80.6 MPH)
Batting: RHB Jason May 0-0: Ball
1-0: Foul Ball, location: 2F
1-1: Called Strike
1-2: Foul Ball, location: 2F
1-2: Strikes out swinging
Pitching: RHP Kyle Ridgeway
Batting: RHB Muneo Kawachi 0-0: Ball
1-0: Swinging Strike
1-1: Called Strike
1-2: Strikes out swinging, 2-3 out at first.
Bottom of the 13th over - 0 runs, 0 hits, 0 errors, 0 left on base; Seattle 7 - Oakland 7
TOP OF THE 14TH
Seattle Mariners batting - Pitching for Oakland Athletics : RHP Orlando Giron
Batting: LHB Jerrod Cluck 0-0: Foul Ball, location: 2F
0-1: Fly out, F8 (Flyball, 8RS, EV 86.9 MPH)
Batting: RHB Young-kwang Ohnn 0-0: Ball
1-0: Called Strike
1-1: Foul Ball, location: 2F
1-2: DOUBLE (Line Drive, 89D, EV 103.1 MPH)
Batting: LHB Dae-ik Yoon 0-0: Swinging Strike
0-1: Ball
1-1: Called Strike
1-2: Ball
2-2: Strikes out swinging
Batting: SHB Floyd-William Goof 0-0: Intentional Walk
Batting: RHB Steve Jordan 0-0: SINGLE (Flyball, 4D, EV 91.9 MPH)
Young-kwang Ohnn to third
Floyd-William Goof to second
Batting: SHB Robbie Rogers 0-0: Ball
1-0: Called Strike
1-1: Called Strike
1-2: Ball
2-2: Ball
3-2: Fly out, F7 (Line Drive, 78M, EV 93.8 MPH)
Top of the 14th over - 0 runs, 2 hits, 0 errors, 3 left on base; Seattle 7 - Oakland 7
BOTTOM OF THE 14TH
Oakland Athletics batting - Pitching for Seattle Mariners : RHP Kyle Ridgeway
Batting: LHB R.J. O'Brien 0-0: Ball
1-0: Ground out 6-3 (Groundball, 6M, EV 106.2 MPH)
Batting: SHB Jerry Luckwell 0-0: Called Strike
0-1: Foul Ball, location: 2F
0-2: Ball
1-2: SINGLE (Line Drive, 56D, EV 94.4 MPH)
Batting: RHB Garry Hash 0-0: Called Strike
0-1: Swinging Strike
0-2: Ball
1-2: Foul Ball, location: 2F
1-2: Strikes out swinging
Batting: RHB Randy Shrewsbury 0-0: Called Strike
0-1: Swinging Strike
0-2: Ball
Jerry Luckwell steals 2nd base
1-2: Ball
2-2: Foul Ball, location: 2F
2-2: Strikes out swinging
Bottom of the 14th over - 0 runs, 1 hit, 0 errors, 1 left on base; Seattle 7 - Oakland 7
TOP OF THE 15TH
Seattle Mariners batting - Pitching for Oakland Athletics : RHP Orlando Giron
Batting: RHB Malik Brookshire 0-0: SINGLE (Groundball, 6MD, EV 102.5 MPH)
Batting: RHB Harutomi Matsubara 0-0: Called Strike
0-1: Ball
1-1: Swinging Strike
1-2: Strikes out swinging
Pitching: RHP Joe Bradford
Batting: RHB Corey Ottinger 0-0: Ball
1-0: Foul Ball, location: 2F
1-1: Called Strike
1-2: Foul Ball, location: 2F
1-2: Strikes out looking
Batting: LHB Jerrod Cluck 0-0: Called Strike
Malik Brookshire is caught stealing 2nd base 2-6
Top of the 15th over - 0 runs, 1 hit, 0 errors, 0 left on base; Seattle 7 - Oakland 7
BOTTOM OF THE 15TH
Oakland Athletics batting - Pitching for Seattle Mariners : RHP Kyle Ridgeway
Batting: LHB Tom Butterbaugh 0-0: Ball
1-0: Ball
2-0: Called Strike
2-1: Ground out 1-3 (Groundball, 15S, EV 61.2 MPH)
Batting: RHB Tommy Baird 0-0: Called Strike
0-1: Ground out 6-3 (Groundball, 6M, EV 87.5 MPH)
Batting: SHB Ryan Langlois 0-0: Ground out 6-3 (Groundball, 6, EV 80.0 MPH)
Bottom of the 15th over - 0 runs, 0 hits, 0 errors, 0 left on base; Seattle 7 - Oakland 7
TOP OF THE 16TH
Seattle Mariners batting - Pitching for Oakland Athletics : RHP Joe Bradford
Batting: LHB Jerrod Cluck 0-0: Ball
1-0: Called Strike
1-1: Foul Ball, location: 2F
1-2: Foul Ball, location: 2F
1-2: Ground out 5-3 (Groundball, 5, EV 78.1 MPH)
Batting: RHB Young-kwang Ohnn 0-0: Foul Ball, location: 2F
0-1: Foul Ball, location: 2F
0-2: Ball
1-2: Ball
2-2: Foul Ball, location: 2F
2-2: Ground out 6-3 (Groundball, 6, EV 78.1 MPH)
Batting: LHB Dae-ik Yoon 0-0: Called Strike
0-1: Ball
1-1: Ball
2-1: Foul Ball, location: 2F
2-2: Foul Ball, location: 2F
2-2: SINGLE (Groundball, 4M, EV 109.4 MPH) (infield hit)
Batting: SHB Floyd-William Goof 0-0: Ball
1-0: Ball
2-0: Called Strike
2-1: Foul Ball, location: 2F
2-2: SINGLE (Groundball, 56D, EV 103.1 MPH) (infield hit)
Dae-ik Yoon to second
Batting: RHB Steve Jordan 0-0: Ball
1-0: Ball
2-0: Fly out, F9 (Flyball, 9, EV 95.0 MPH)
Top of the 16th over - 0 runs, 2 hits, 0 errors, 2 left on base; Seattle 7 - Oakland 7
BOTTOM OF THE 16TH
Oakland Athletics batting - Pitching for Seattle Mariners : RHP Kyle Ridgeway
Batting: RHB Jason May 0-0: Swinging Strike
0-1: Swinging Strike
0-2: Ground out 4-3 (Groundball, 4, EV 102.5 MPH)
Batting: RHB Muneo Kawachi 0-0: Called Strike
0-1: Foul Ball, location: 2F
0-2: Strikes out looking
Batting: LHB R.J. O'Brien 0-0: Ball
1-0: Ball
2-0: Foul Ball, location: 2F
2-1: Ball
3-1: Ground out U3 (Groundball, 3L, EV 100.6 MPH)
Bottom of the 16th over - 0 runs, 0 hits, 0 errors, 0 left on base; Seattle 7 - Oakland 7
TOP OF THE 17TH
Seattle Mariners batting - Pitching for Oakland Athletics : RHP Joe Bradford
Batting: SHB Robbie Rogers 0-0: Called Strike
0-1: Fly out, F8 (Flyball, 8LD, EV 105.0 MPH)
Pitching: RHP Elijah Everett
Batting: RHB Malik Brookshire 0-0: Ball
1-0: Ball
2-0: Swinging Strike
2-1: Ball
3-1: Base on Balls
Batting: RHB Harutomi Matsubara 0-0: Called Strike
0-1: Ball
1-1: Ball
2-1: Swinging Strike
2-2: Foul Ball, location: 2F
2-2: Grounds into double play, 1-4-3 (Groundball, 15S, EV 75.6 MPH)
Top of the 17th over - 0 runs, 0 hits, 0 errors, 0 left on base; Seattle 7 - Oakland 7
BOTTOM OF THE 17TH
Oakland Athletics batting - Pitching for Seattle Mariners : RHP Kyle Ridgeway
Batting: SHB Jerry Luckwell 0-0: Ball
1-0: Ball
2-0: Ball
3-0: Base on Balls
Batting: RHB Garry Hash 0-0: Ball
1-0: Ball
2-0: Swinging Strike
2-1: Foul Ball, location: 2F
2-2: Strikes out swinging
Pitching: RHP Willie Sanchez
Batting: RHB Randy Shrewsbury 0-0: Ball
1-0: Called Strike
1-1: Ball
2-1: Ball
3-1: Base on Balls
Jerry Luckwell to second
Batting: LHB Tom Butterbaugh 0-0: Ball
1-0: Ground out U3 (Groundball, 3, EV 84.4 MPH)
Jerry Luckwell to third
Randy Shrewsbury to second
Batting: RHB Tommy Baird 0-0: Ball
1-0: SINGLE (Groundball, 6M, EV 103.1 MPH) (infield hit)
Jerry Luckwell scores
Bottom of the 17th over - 1 run, 1 hit, 0 errors, 2 left on base; Seattle 7 - Oakland 8
Tuesday, March 28th , 2023 - OOTP Baseball 23.10 Build 110